 Dungeon Crawl Stone Soup version 0.27.1-34-g3ba077fa99 (webtiles) character file.

Game seed: 1339912702408672518

1156 geedmat the Spear-Bearer (level 8, 0/58 HPs)
             Began as a Demonspawn Abyssal Knight on Jan 9, 2022.
             Was a Priest of Lugonu.
             Slain by an orc warrior (15 damage)
             ... on level 6 of the Dungeon.
             The game lasted 00:22:43 (7477 turns).

geedmat the Spear-Bearer (DsAK)                     Turns: 7477, Time: 00:22:44

Health: 0/58       AC: 12    Str: 14    XL:     8   Next: 16%
Magic:  11/11      EV:  6    Int: 19    God:    Lugonu [***...]
Gold:   356        SH:  5    Dex: 14    Spells: 7/7 levels left

rFire    . . .     SeeInvis .   a - +1 spear
rCold    . . .     Faith    .   (no shield)
rNeg     . . .     Spirit   .   j - +0 chain mail
rPois    .         Reflect  +   d - +2 hat
rElec    .         Harm     .   n - +0 cloak
rCorr    .         Rampage  .   h - +0 pair of gloves
Will     .....                  (no boots)
Stlth    ..........             l - amulet of reflection
HPRegen  0.19/turn              b - +6 ring of intelligence
MPRegen  0.12/turn              (no ring)

@: mighty
A: talons 2, powered by pain 1, spiny 1
a: Renounce Religion, Depart the Abyss, Bend Space, Banish


You were on level 6 of the Dungeon.
You worshipped Lugonu.
Lugonu was most pleased with you.
You visited 1 branch of the dungeon, and saw 7 of its levels.
You visited the Abyss 1 time.

You collected 356 gold pieces.

Inventory:

Hand Weapons
 a - a +1 spear (weapon)
Armour
 d - a +2 hat (worn)
 h - a +0 pair of gloves (worn)
 j - a +0 chain mail (worn)
 n - a +0 cloak (worn)
Jewellery
 b - a +6 ring of intelligence (left hand)
 l - an amulet of reflection (around neck)
Wands
 m - a wand of polymorph (8)
Scrolls
 c - a scroll of fear
 e - 4 scrolls of teleportation
Potions
 f - 2 potions of cancellation
 g - 3 potions of haste
 i - a potion of heal wounds {unknown}
 k - a potion of might {unknown}
 o - a potion of lignification {unknown}


   Skills:
 - Level 3.0 Fighting
 * Level 8.7 Polearms
 - Level 1.7 Armour
 - Level 0.8 Dodging
 + Level 4.2 Invocations


You had 7 spell levels left.
You didn't know any spells.
Your spell library contained the following spells:

 Spells                   Type           Power      Damage    Failure   Level
 Portal Projectile        Hex/Tloc       0%         N/A       100%        3
 Blade Hands              Tmut           0%         N/A       100%        5
 Excruciating Wounds      Necr           0%         N/A       100%        5


Dungeon Overview and Level Annotations

Branches:
Dungeon (7/15)
 Temple: D:4-7

Altars:
Kikubaaqudgha
Qazlal
Sif Muna
Yredelemnul

Shops:
D:2 ?


Innate Abilities, Weirdness & Mutations

You have razor-sharp toenails.
You sometimes gain a little power by taking damage.
You are partially covered in sharp spines.


Message History

There is a stone staircase leading down here.
The orc wizard mumbles some strange words.
The orc wizard flickers and vanishes!
You climb downwards.
Reactivating autopickup.
There is a stone staircase leading up here.
You feel clever.
b - a +6 ring of intelligence (left hand)
You start putting on your amulet.
You continue putting on your amulet of reflection. x5
You finish putting on your amulet of reflection.
You feel a shielding aura gather around you.
l - an amulet of reflection (around neck)
As you read the scroll labelled WUMIT IRIGH, it crumbles to dust.
Wisps of shadow whirl around you...
It was a scroll of summoning.
You climb upwards.
Your summoned allies are left behind.
The orc warrior hits you with a +0 trident!
The orc warrior hits you but does no damage.
There is a stone staircase leading down, spattered with blood here.
You hit the orc warrior.
The orc warrior is lightly wounded.
You hit the orc warrior but do no damage.
Your kick misses the orc warrior.
The orc warrior is lightly wounded.
The orc warrior is struck by your spines.
The orc warrior hits you with a +0 trident!
You focus on the pain.
You feel very mighty all of a sudden.
You hit the orc warrior but do no damage.
Your kick misses the orc warrior.
The orc warrior is moderately wounded.
The orc warrior is struck by your spines.
The orc warrior hits you with a +0 trident!
* * * LOW HITPOINT WARNING * * *
You hit the orc warrior but do no damage.
The orc warrior is heavily wounded.
You closely miss the orc warrior.
The orc warrior is heavily wounded.
The orc warrior hits you with a +0 trident!
You die...

#########
........############
.######............#
#.....#######.#
#.###.#######.######
#.# #..........#....
#.###.#######.>#.###
#.....# #..#.#
###@### #..#.### #o#
#......# #.# #..###.#
#o #.# #..# #.. #o
#.# ##.###.# #. #.#
#.....# #o
##.######## #.#.###
#. #...............#
#
#.###..#########.####
#


You could see an orc warrior.

Vanquished Creatures
  An ice beast (D:6)
  A black bear (D:3)
  An ogre (D:4)
  2 necrophages (D:5)
  A centaur (D:5)
  A kobold brigand (D:6)
  A scorpion (D:5)
  A bullfrog zombie (D:5)
  3 hounds
  3 jellies (D:5)
  An orc wizard (D:5)
  2 hound skeletons
  3 gnolls (D:5)
  8 adders
  A white imp (D:5)
  2 ufetubi
  An adder skeleton (D:5)
  2 adder zombies (D:4)
  5 worms
  2 dart slugs
  7 orcs
  7 ball pythons
  5 endoplasms
  A giant cockroach (D:3)
  8 hobgoblins
  9 jackals
  4 quokkas
  2 bats
  3 frilled lizards
  7 goblins
  11 kobolds
  10 rats
116 creatures vanquished.

Notes
Turn   | Place    | Note
-------+----------+-------------------------------------------
     0 | Abyss:1  | geedmat the Demonspawn Abyssal Knight began the quest for
                  | the Orb.
     0 | Abyss:1  | Reached XP level 1. HP: 18/18 MP: 2/2
    25 | D:1      | Escaped the Abyss
    95 | D:1      | Reached skill level 2 in Polearms
   358 | D:1      | Gained mutation: You are partially covered in sharp spines.
                  | [demonic ancestry]
   358 | D:1      | Reached XP level 2. HP: 17/24 MP: 3/3
   902 | D:1      | Reached skill level 3 in Polearms
   916 | D:1      | Reached ** piety under Lugonu
  1221 | D:1      | Found a faded altar of an unknown god.
  1344 | D:2      | Found Noblam's Magic Scroll Shoppe.
  1362 | D:2      | Reached XP level 3. HP: 19/29 MP: 4/4
  2421 | D:2      | Gained mutation: You sometimes gain a little power by
                  | taking damage. [demonic ancestry]
  2421 | D:2      | Reached XP level 4. HP: 35/35 MP: 5/5
  2428 | D:2      | Reached skill level 4 in Polearms
  3484 | D:3      | Found a large runed translucent door.
  3484 | D:3      | Found a large runed translucent door.
  3512 | D:3      | Reached XP level 5. HP: 34/41 MP: 6/6
  3964 | D:4      | Found an ancient bone altar of Kikubaaqudgha.
  3971 | D:4      | Noticed an ogre
  4063 | D:3      | Found a stormy altar of Qazlal.
  4074 | D:3      | Found a shimmering blue altar of Sif Muna.
  4117 | D:4      | Noticed a black bear
  4150 | D:3      | Killed a black bear
  4151 | D:3      | Reached skill level 5 in Polearms
  4263 | D:4      | Found a basalt altar of Yredelemnul.
  4330 | D:4      | Reached *** piety under Lugonu
  4609 | D:4      | Killed an ogre
  4610 | D:4      | Reached skill level 6 in Polearms
  4610 | D:4      | Gained mutation: You have sharp toenails. [demonic
                  | ancestry]
  4610 | D:4      | Reached XP level 6. HP: 18/47 MP: 7/7
  5371 | D:5      | Entered Level 5 of the Dungeon
  5389 | D:5      | Reached skill level 7 in Polearms
  5389 | D:5      | Reached XP level 7. HP: 36/52 MP: 8/8
  6359 | D:5      | Reached skill level 8 in Polearms
  6922 | D:6      | Gained mutation: You have razor-sharp toenails. [demonic
                  | ancestry]
  6922 | D:6      | Reached XP level 8. HP: 22/58 MP: 10/10
  7477 | D:6      | Slain by an orc warrior

Illustrated notes

Levels and vault maps discovered:
D:1:      minmay_arrival_three_doors, layout_basic,
          shapermc_ecumenical_altar_mp_ritualfount
D:2:      layout_basic, serial_shops, nicolae_shop_behind_doors, st_stairs_12,
          minmay_distorted
D:3:      layout_basic, jmf_multi_god_temple2
D:4:      layout_loops_ring, amcnicky_altar_gilded,
          lemuel_zombie_altar_yredelemnul, st_stairs_2, minmay_pentomino_pile
D:5:      layout_basic, minmay_misc_feat_more_columns
D:6:      layout_loops_ring, hangedman_decor_lopped, roderic_lattice_a,
          uniq_grinder, uniq_maggie
D:7:      layout_rooms, temple_fountains, serial_shops,
          nicolae_shop_window_shopping, dk_rats_in_the_wall

Skill      XL: |  1  2  3  4  5  6  7  8 |
---------------+-------------------------+-----
Polearms       | 2 3 4 6 7 8 |  8.7
Invocations    | 3 4 |  4.2
Fighting       | |  3.0
Armour         | |  1.7
Dodging        | |  0.8

Action                   |  1- 3 |  4- 6 |  7- 9 || total
-------------------------+-------+-------+-------++-------
Melee: Spear             |    89 |   142 |   146 ||   377
       Kick              |       |    14 |    29 ||    43
Invok: Bend Space        |       |     1 |       ||     1
Evoke: Wand              |       |       |     1 ||     1
  Use: Scroll            |     3 |     3 |     3 ||     9
       Potion            |       |       |     1 ||     1
Armor: Leather armour    |    13 |       |       ||    13
       Scale mail        |     4 |    44 |       ||    48
       Chain mail        |       |    12 |    59 ||    71
Dodge: Dodged            |    33 |    58 |    27 ||   118
